[Event "Skalica Rapid 2020"]
[Site "Skalica"]
[Date "2020.08.29"]
[Round "5.10"]
[White "Jurakic Lukas"]
[Black "Blaho, Stefan"]
[Result "1-0"]
[ECO "B72"]
[WhiteElo "1918"]
[BlackElo "2090"]
[Annotator "ChessBase"]
[PlyCount "43"]
[EventDate "2020.08.29"]
[EventType "swiss"]
[EventCountry "SVK"]
[SourceTitle "playchess.com"]
[Source "ChessBase"]
[SourceQuality "1"]
[TimeControl "600+5"]

1. e4 c5 2. Nf3 d6 3. d4 cxd4 4. Nxd4 Nf6 5. Nc3 g6 6. Be3 Bg7 7. Be2 O-O 8. Qd2 Nc6 9. O-O-O Ng4 10. Bxg4 Bxg4 11. f3 Bd7 12. Nxc6 bxc6 13. Bh6 Qa5 14. Bxg7 Kxg7 15. h4 h6 16. h5 g5 17. Qd4+ f6 18. Qd3 Qe5 19. Ne2 Rab8 20. c3 Be6 21. f4 c5 22. Rhf1 1-0

[Event "Skalica Rapid 2020"]
[Site "Skalica"]
[Date "2020.08.29"]
[Round "5.11"]
[White "Panko Radoslav"]
[Black "Skreno Vladimir"]
[Result "1/2-1/2"]
[ECO "B23"]
[WhiteElo "1913"]
[BlackElo "2089"]
[Annotator "ChessBase"]
[PlyCount "133"]
[EventDate "2020.08.29"]
[EventType "swiss"]
[EventCountry "SVK"]
[SourceTitle "playchess.com"]
[Source "ChessBase"]
[SourceQuality "1"]
[TimeControl "600+5"]

1. e4 c5 2. Nc3 Nc6 3. f4 g6 4. Nf3 Bg7 5. Bb5 Nd4 6. Bd3 e6 7. Nxd4 cxd4 8. Nb5 d6 9. c3 dxc3 10. bxc3 Ne7 11. Ba3 O-O 12. Nxd6 Re8 13. Bb5 Nc6 14. Nxe8 Qxe8 15. O-O a6 16. Be2 b5 17. Bc5 Bb7 18. d4 Rd8 19. a4 b4 20. e5 bxc3 21. Qd3 c2 22. Qxc2 Nxd4 23. Bxd4 Rxd4 24. Qc7 Bd5 25. Bxa6 Rxa4 26. Qc8 Qxc8 27. Bxc8 Rc4 28. Ba6 Rc2 29. Rf2 Rc7 30. Re2 Ra7 31. Ree1 Bf8 32. Be2 Rc7 33. Rac1 Ra7 34. Bf3 Bxf3 35. gxf3 Ra4 36. Re4 Ra2 37. Rec4 Bh6 38. Rf1 Bf8 39. Rf2 Ra5 40. Kg2 Bc5 41. Re2 Bb6 42. Kg3 Kg7 43. Rb2 Be3 44. Rb3 Bg1 45. Rb1 Be3 46. Rb3 Bg1 47. Kg2 Rc5 48. Rxc5 Bxc5 49. Rb7 h5 50. h3 Be3 51. Kg3 Bd2 52. Rd7 Be1+ 53. Kg2 Ba5 54. Kf2 Bb6+ 55. Ke2 Bc5 56. Kd3 Bb6 57. Kc4 Be3 58. Kd3 Bxf4 59. Ke4 Bg3 60. Rd1 g5 61. Rg1 h4 62. Rg2 Kg6 63. Re2 Bf4 64. Rg2 Bg3 65. Ra2 Bf4 66. Ra8 Kg7 67. Rc8 1/2-1/2

[Event "Skalica Rapid 2020"]
[Site "Skalica"]
[Date "2020.08.29"]
[Round "5.11"]
[White "Blaha, Tomas S"]
[Black "Tupy, Emil"]
[Result "0-1"]
[ECO "C10"]
[WhiteElo "1089"]
[BlackElo "1538"]
[Annotator "NA"]
[PlyCount "62"]
[EventDate "2020.08.29"]
[EventType "swiss"]
[EventCountry "SVK"]
[SourceTitle "playchess.com"]
[Source "ChessBase"]
[SourceQuality "1"]
[TimeControl "600+5"]

1. e4 e6 2. d4 d5 3. Nc3 c6 4. exd5 cxd5 5. Bb5+ Nc6 6. Nf3 Bd6 7. O-O Nge7 8. Bg5 f6 9. Be3 O-O 10. Qd2 a6 11. Bxc6 bxc6 12. Rfe1 Nf5 13. Bf4 Qc7 14. Na4 Bxf4 15. Qb4 Bd6 16. Qb6 Qxb6 17. Nxb6 Rb8 18. Nxc8 Rfxc8 19. b3 Re8 20. c3 e5 21. dxe5 fxe5 22. g4 Nh6 23. Rad1 Nxg4 24. h3 Nh6 25. Nh4 e4 26. c4 g5 27. Ng2 Re5 28. h4 Rbe8 29. hxg5 Rxg5 30. f4 Bxf4 31. Rf1 Be3+ 0-1

[Event "Skalica Rapid 2020"]
[Site "Skalica"]
[Date "2020.08.29"]
[Round "5.12"]
[White "Bidulsky, Matej"]
[Black "O`gorman Tom"]
[Result "0-1"]
[ECO "B86"]
[WhiteElo "1548"]
[BlackElo "2027"]
[Annotator "ChessBase"]
[PlyCount "60"]
[EventDate "2020.08.29"]
[EventType "swiss"]
[EventCountry "SVK"]
[SourceTitle "playchess.com"]
[Source "ChessBase"]
[SourceQuality "1"]
[TimeControl "600+5"]

1. e4 c5 2. Bc4 d6 3. Nf3 Nf6 4. Nc3 a6 5. a4 e6 6. d4 cxd4 7. Nxd4 Be7 8. Bg5 Nc6 9. O-O O-O 10. Re1 Bd7 11. Nxc6 Bxc6 12. Bd3 Rc8 13. e5 dxe5 14. Rxe5 h6 15. Bh4 Qc7 16. Qe2 Rfd8 17. Re1 Rd4 18. Bg3 Bd6 19. Re3 Bxa4 20. Nxa4 Rxa4 21. b3 Rd4 22. Bxd6 Qxd6 23. Rg3 b5 24. Qf3 Rf4 25. Qb7 Rb8 26. Rxe6 Qd8 27. Qa7 Nh5 28. Rxa6 Nxg3 29. hxg3 Rf6 30. Qe3 Rxa6 0-1

[Event "Skalica Rapid 2020"]
[Site "Skalica"]
[Date "2020.08.29"]
[Round "5.12"]
[White "Gurevich, Michele"]
[Black "Janas, Peter"]
[Result "0-1"]
[ECO "B02"]
[WhiteElo "1107"]
[BlackElo "1562"]
[Annotator "NA RC"]
[PlyCount "120"]
[EventDate "2020.08.29"]
[EventType "swiss"]
[EventCountry "SVK"]
[SourceTitle "playchess.com"]
[Source "ChessBase"]
[SourceQuality "1"]
[TimeControl "600+5"]

1. e4 Nf6 2. e5 Nd5 3. Nc3 Nxc3 4. dxc3 d6 5. Nf3 g6 6. Bc4 Bg7 7. exd6 cxd6 8. O-O O-O 9. Re1 Nd7 10. Ng5 Ne5 11. Bb3 h6 12. Nf3 Bg4 13. Bd5 Qb6 14. Be3 Qxb2 15. Rb1 Qxc3 16. Bd4 Nxf3+ 17. Bxf3 Qxd4 18. Qxd4 Bxd4 19. Bxg4 e6 20. Red1 Bc5 21. Rxb7 Rab8 22. Rxb8 Rxb8 23. h3 Rb2 24. Rc1 Rxa2 25. Kh2 Bxf2 26. Kh1 d5 27. Kh2 d4 28. Kh1 Be3 29. Re1 Rxc2 30. Rd1 Rc1 31. Rxc1 Bxc1 32. Kg1 Kf8 33. Kf2 Ke7 34. Ke2 Kd6 35. Kd3 e5 36. Kc4 f5 37. Bf3 Be3 38. Kb5 e4 39. Be2 Ke5 40. Kc4 d3 41. Bxd3 exd3 42. Kxd3 f4 43. g3 g5 44. h4 Bb6 45. Ke2 fxg3 46. Kf3 Bf2 47. Kg2 Kf4 48. hxg5 hxg5 49. Kf1 a5 50. Kg2 a4 51. Kf1 a3 52. Kg2 a2 53. Kf1 a1=Q+ 54. Kg2 Qa8+ 55. Kf1 g2+ 56. Kxf2 g4 57. Kg1 Qa1+ 58. Kxg2 Qa2+ 59. Kg1 Kf3 60. Kf1 Qf2# 0-1

[Event "Skalica Rapid 2020"]
[Site "Skalica"]
[Date "2020.08.29"]
[Round "5.14"]
[White "Takacs Laszlo"]
[Black "Nemsak Denis"]
[Result "1-0"]
[ECO "B01"]
[WhiteElo "2128"]
[BlackElo "1869"]
[Annotator "ChessBase"]
[PlyCount "57"]
[EventDate "2020.08.29"]
[EventType "swiss"]
[EventCountry "SVK"]
[SourceTitle "playchess.com"]
[Source "ChessBase"]
[SourceQuality "1"]
[TimeControl "600+5"]

1. e4 d5 2. exd5 Nf6 3. d4 Nxd5 4. Nf3 g6 5. Bd3 Bg7 6. h3 O-O 7. O-O Nc6 8. c3 e5 9. dxe5 Nxe5 10. Bc2 c6 11. Nbd2 h6 12. Ne4 b6 13. Nxe5 Bxe5 14. Bxh6 Re8 15. Qf3 Bh8 16. Rad1 Qh4 17. Bg5 Qh5 18. g4 Qh7 19. Rfe1 Be6 20. Nd6 Rf8 21. h4 Bd7 22. h5 f5 23. Rxd5 fxg4 24. hxg6 Qh5 25. Qg2 Rf3 26. Rde5 Bxe5 27. Rxe5 Raf8 28. Bb3+ Kh8 29. Bf6+ 1-0

[Event "Skalica Rapid 2020"]
[Site "Skalica"]
[Date "2020.08.29"]
[Round "5.15"]
[White "Kaplan, Milan"]
[Black "Danada, Tomas"]
[Result "0-1"]
[ECO "B06"]
[WhiteElo "1762"]
[BlackElo "2122"]
[Annotator "ChessBase"]
[PlyCount "64"]
[EventDate "2020.08.29"]
[EventType "swiss"]
[EventCountry "SVK"]
[SourceTitle "playchess.com"]
[Source "ChessBase"]
[SourceQuality "1"]
[TimeControl "600+5"]

1. e4 g6 2. d4 Bg7 3. Nc3 a6 4. f4 d5 5. e5 Nh6 6. Nf3 Bg4 7. Be3 f6 8. h3 Bxf3 9. Qxf3 e6 10. g4 O-O 11. Qg3 fxe5 12. fxe5 c5 13. h4 Nc6 14. h5 cxd4 15. hxg6 dxe3 16. gxh7+ Kh8 17. Bd3 Nxe5 18. g5 Nf3+ 19. Ke2 Nd4+ 20. Kd1 Nhf5 21. Bxf5 Nxf5 22. Qg4 Rc8 23. Ne2 Bxb2 24. Rb1 Bg7 25. Nf4 Qe8 26. Rxb7 e5 27. Nh5 Rxc2 28. Nf6 Rd2+ 29. Ke1 Qc6 30. Rb1 Qc2 31. Rd1 Nd4 32. Rh3 e2 0-1

[Event "Skalica Rapid 2020"]
[Site "Skalica"]
[Date "2020.08.29"]
[Round "6.1"]
[White "Samoun Florent"]
[Black "Basso, Pier Luigi"]
[Result "0-1"]
[ECO "C77"]
[WhiteElo "2228"]
[BlackElo "2443"]
[Annotator "ChessBase"]
[PlyCount "96"]
[EventDate "2020.08.29"]
[EventType "swiss"]
[EventCountry "SVK"]
[SourceTitle "playchess.com"]
[Source "ChessBase"]
[SourceQuality "1"]
[TimeControl "600+5"]

1. e4 e5 2. Nf3 Nc6 3. Bb5 a6 4. Ba4 Nf6 5. d3 b5 6. Bb3 Bc5 7. c3 O-O 8. O-O Re8 9. Nbd2 d6 10. Re1 h6 11. Nf1 Bb6 12. Be3 Bxe3 13. Nxe3 Ne7 14. Bc2 Ng6 15. d4 exd4 16. Nxd4 Bb7 17. f3 d5 18. exd5 Nf4 19. Nc6 Qd6 20. Nf5 Qc5+ 21. Qd4 Qxd4+ 22. Nfxd4 N4xd5 23. Na5 Rxe1+ 24. Rxe1 Bc8 25. c4 Nb4 26. Bb1 bxc4 27. Nxc4 Bd7 28. a3 Nbd5 29. Kf2 Kf8 30. Ne5 Rb8 31. Nxd7+ Nxd7 32. b4 c5 33. bxc5 Nxc5 34. Re5 Rxb1 35. Rxd5 Rc1 36. Nc6 g6 37. Nb4 Rc3 38. Kg3 a5 39. Nc6 Ne4+ 40. Kf4 Nf6 41. Rd8+ Kg7 42. Nxa5 Rxa3 43. Nb7 Ra2 44. Kg3 Nh5+ 45. Kh3 Nf4+ 46. Kg3 g5 47. Kg4 Kg6 48. Rg8+ Kf6 0-1

[Event "Skalica Rapid 2020"]
[Site "Skalica"]
[Date "2020.08.29"]
[Round "6.1"]
[White "Beres, Dominik"]
[Black "Osicka, Premysl"]
[Result "1-0"]
[ECO "C02"]
[WhiteElo "1988"]
[BlackElo "1590"]
[Annotator "NA"]
[PlyCount "51"]
[EventDate "2020.08.29"]
[EventType "swiss"]
[EventCountry "SVK"]
[SourceTitle "playchess.com"]
[Source "ChessBase"]
[SourceQuality "1"]
[TimeControl "600+5"]

1. e4 c5 2. Nf3 Nc6 3. c3 e6 4. d4 d5 5. e5 Qb6 6. Bd3 Bd7 7. Bc2 Rc8 8. O-O cxd4 9. cxd4 Nge7 10. Nc3 Nb4 11. Bb1 Ng6 12. h4 Be7 13. h5 Nf8 14. h6 gxh6 15. Bxh6 Kd8 16. Bg5 h6 17. Bxe7+ Kxe7 18. a3 Nc6 19. Na4 Qd8 20. Nc5 Ng6 21. Nxb7 Qg8 22. Bxg6 Qxg6 23. Nh4 Qe4 24. Qh5 Rcg8 25. Nd6 Be8 26. Nxe4 1-0

[Event "Skalica Rapid 2020"]
[Site "Skalica"]
[Date "2020.08.29"]
[Round "6.2"]
[White "Grieve, Harry"]
[Black "Pechac, Jergus"]
[Result "1-0"]
[ECO "D00"]
[WhiteElo "1887"]
[BlackElo "2430"]
[Annotator "ChessBase"]
[PlyCount "85"]
[EventDate "2020.08.29"]
[EventType "swiss"]
[EventCountry "SVK"]
[SourceTitle "playchess.com"]
[Source "ChessBase"]
[SourceQuality "1"]
[TimeControl "600+5"]

1. d4 d5 2. Bg5 f6 3. Bh4 Nh6 4. e3 c5 5. dxc5 e5 6. Nc3 Be6 7. Nf3 Nc6 8. Bb5 Qa5 9. a3 Rd8 10. b4 Qc7 11. Bg3 Be7 12. Nd4 Bf7 13. O-O O-O 14. Ba4 a6 15. Qe2 Qc8 16. Nxc6 bxc6 17. e4 d4 18. Nb1 Kh8 19. Nd2 a5 20. Bb3 Bxb3 21. Nxb3 axb4 22. axb4 Qe6 23. Ra6 d3 24. Qd2 Qc4 25. Ra2 Qxe4 26. c3 Qd5 27. Na5 e4 28. Nb7 Ra8 29. Rfa1 Rxa2 30. Qxa2 Qxa2 31. Rxa2 f5 32. Bd6 Ng8 33. Na5 f4 34. Nxc6 e3 35. Kf1 Bxd6 36. cxd6 Nf6 37. Ne5 d2 38. Ke2 Ne4 39. Ra1 Nxc3+ 40. Kd3 Na2 41. fxe3 fxe3 42. Kxe3 Rf6 43. d7 1-0

[Event "Skalica Rapid 2020"]
[Site "Skalica"]
[Date "2020.08.29"]
[Round "6.2"]
[White "Cedzo, Adam"]
[Black "Stevik, Patrik"]
[Result "0-1"]
[ECO "A04"]
[WhiteElo "1585"]
[BlackElo "1895"]
[Annotator "NA"]
[PlyCount "27"]
[EventDate "2020.08.29"]
[EventType "swiss"]
[EventCountry "SVK"]
[SourceTitle "playchess.com"]
[Source "ChessBase"]
[SourceQuality "1"]
[TimeControl "600+5"]

1. Nf3 Nc6 2. Nd4 Ne5 3. Nc3 Nc4 4. Nf5 Nb6 5. Ng3 Nf6 6. Nge4 Ng4 7. Nc5 Ne5 8. Nd3 Nc6 9. Nf4 Nc4 10. Nd3 Nd6 11. Nf4 Nf5 12. Nh3 Nh6 13. Ng1 Ng8 14. Nb1 0-1

[Event "Skalica Rapid 2020"]
[Site "Skalica"]
[Date "2020.08.29"]
[Round "6.3"]
[White "Yankelevich, Lev"]
[Black "Krupa Miroslav"]
[Result "1-0"]
[ECO "E07"]
[WhiteElo "2388"]
[BlackElo "1816"]
[Annotator "ChessBase"]
[PlyCount "85"]
[EventDate "2020.08.29"]
[EventType "swiss"]
[EventCountry "SVK"]
[SourceTitle "playchess.com"]
[Source "ChessBase"]
[SourceQuality "1"]
[TimeControl "600+5"]

1. Nf3 Nf6 2. c4 e6 3. Nc3 d5 4. d4 Be7 5. g3 O-O 6. Bg2 c6 7. Nd2 b6 8. O-O Bb7 9. e4 dxe4 10. Ndxe4 Nbd7 11. Qa4 Nxe4 12. Nxe4 Nf6 13. Be3 Qd7 14. Rfd1 Rfd8 15. Nc3 c5 16. dxc5 Qxa4 17. Nxa4 Bxg2 18. Kxg2 bxc5 19. Bxc5 Bxc5 20. Nxc5 Rdc8 21. b4 a5 22. a3 Rab8 23. Rab1 Kf8 24. Rdc1 axb4 25. axb4 Ke7 26. Na6 Rb6 27. b5 Ne4 28. c5 Rb7 29. f3 Nf6 30. Nb4 Nd5 31. Nc6+ Ke8 32. Ne5 Ke7 33. Nc6+ Ke8 34. Na5 Ra7 35. Nc4 Ke7 36. Ne5 Rb7 37. Kh3 f6 38. Nc6+ Ke8 39. Na5 Ra7 40. Nc4 Ke7 41. b6 Rb7 42. Rb5 Ke8 43. Nd6+ 1-0

[Event "Skalica Rapid 2020"]
[Site "Skalica"]
[Date "2020.08.29"]
[Round "6.3"]
[White "Sevcikova, Lucia"]
[Black "Pekar, Matus"]
[Result "1-0"]
[ECO "B08"]
[WhiteElo "1801"]
[BlackElo "1575"]
[Annotator "NA"]
[PlyCount "69"]
[EventDate "2020.08.29"]
[EventType "swiss"]
[EventCountry "SVK"]
[SourceTitle "playchess.com"]
[Source "ChessBase"]
[SourceQuality "1"]
[TimeControl "600+5"]

1. e4 d6 2. d4 g6 3. Nf3 Nf6 4. Nc3 Bg7 5. Be3 O-O 6. Be2 c6 7. a4 Nbd7 8. O-O e5 9. Qd2 Re8 10. Bc4 exd4 11. Bxd4 Nxe4 12. Nxe4 Rxe4 13. Bxf7+ Kf8 14. Bxg7+ Kxg7 15. Bb3 Nf6 16. Ng5 Re7 17. Rfe1 d5 18. Rxe7+ Qxe7 19. Re1 Qd6 20. Qe3 Rb8 21. Qe7+ Qxe7 22. Rxe7+ Kh6 23. Nf7+ Kh5 24. Nd6 a6 25. Nxc8 Rxc8 26. Rxb7 c5 27. c3 Rc6 28. f3 h6 29. Re7 Rd6 30. Re5+ Kh4 31. g3+ Kh3 32. Bd1 Ne4 33. fxe4 dxe4 34. Be2 Rd2 35. Rxe4 1-0

[Event "Skalica Rapid 2020"]
[Site "Skalica"]
[Date "2020.08.29"]
[Round "6.4"]
[White "Manik Mikulas"]
[Black "Cajka Tibor"]
[Result "1-0"]
[ECO "B46"]
[WhiteElo "2313"]
[BlackElo "2116"]
[Annotator "ChessBase"]
[PlyCount "87"]
[EventDate "2020.08.29"]
[EventType "swiss"]
[EventCountry "SVK"]
[SourceTitle "playchess.com"]
[Source "ChessBase"]
[SourceQuality "1"]
[TimeControl "600+5"]

1. e4 c5 2. Nf3 a6 3. Nc3 e6 4. d4 cxd4 5. Nxd4 Nc6 6. Nxc6 bxc6 7. Bd3 d5 8. Qe2 Bb4 9. O-O Ne7 10. exd5 exd5 11. Qh5 Be6 12. Re1 Qd7 13. a3 Bd6 14. Bg5 a5 15. h3 Rb8 16. Rab1 h6 17. Ne2 g6 18. Qh4 Be5 19. Bd2 Rxb2 20. Rxb2 Bxb2 21. Rb1 Be5 22. Bxa5 Nf5 23. Bxf5 Bxf5 24. Bc3 g5 25. Qh5 Qd6 26. Ng3 Bg6 27. Qe2 f6 28. Re1 Kf7 29. Bxe5 fxe5 30. Qf3+ Qf6 31. Qc3 Re8 32. a4 Qd6 33. a5 d4 34. Qf3+ Kg7 35. Nf5+ Bxf5 36. Qxf5 c5 37. Rb1 Rb8 38. Rxb8 Qxb8 39. Qd7+ Kg8 40. a6 Qb1+ 41. Kh2 Qc1 42. Qe6+ Kh7 43. Qf7+ Kh8 44. a7 1-0

[Event "Skalica Rapid 2020"]
[Site "Skalica"]
[Date "2020.08.29"]
[Round "6.4"]
[White "Tupy, Emil"]
[Black "Stos, Radek"]
[Result "1-0"]
[ECO "B30"]
[WhiteElo "1538"]
[BlackElo "1790"]
[Annotator "NA"]
[PlyCount "59"]
[EventDate "2020.08.29"]
[EventType "swiss"]
[EventCountry "SVK"]
[SourceTitle "playchess.com"]
[Source "ChessBase"]
[SourceQuality "1"]
[TimeControl "600+5"]

1. e4 c5 2. Nf3 Nc6 3. c3 d6 4. d4 cxd4 5. Nxd4 Bd7 6. Bc4 Nf6 7. Nd2 g6 8. O-O Bg7 9. Re1 O-O 10. f3 Rc8 11. Bb3 Nh5 12. Nf1 Na5 13. Bc2 Nc4 14. b3 Nb6 15. Qd3 a6 16. Be3 Bc6 17. Rac1 Nd7 18. f4 e5 19. Nxc6 Rxc6 20. f5 Nf4 21. Bxf4 exf4 22. Bb1 Ne5 23. Qd5 Qg5 24. Kh1 f3 25. gxf3 Nxf3 26. Ng3 Nxe1 27. Rxe1 Bxc3 28. fxg6 hxg6 29. Qxg5 Bxe1 30. Nf5 1-0

[Event "Skalica Rapid 2020"]
[Site "Skalica"]
[Date "2020.08.29"]
[Round "6.5"]
[White "Pacher Milan"]
[Black "Pniaczek, Marek"]
[Result "1-0"]
[ECO "C52"]
[WhiteElo "2452"]
[BlackElo "1969"]
[Annotator "ChessBase"]
[PlyCount "83"]
[EventDate "2020.08.29"]
[EventType "swiss"]
[EventCountry "SVK"]
[SourceTitle "playchess.com"]
[Source "ChessBase"]
[SourceQuality "1"]
[TimeControl "600+5"]

1. e4 e5 2. Nf3 Nc6 3. Bc4 Bc5 4. b4 Bxb4 5. c3 Ba5 6. d4 Bb6 7. dxe5 Nge7 8. Ba3 O-O 9. O-O Na5 10. Be2 Re8 11. Nd4 Nec6 12. f4 d5 13. exd6 Rxe4 14. Kh1 Nxd4 15. cxd4 cxd6 16. Nd2 Re3 17. Bb4 Nc6 18. Rb1 Nxd4 19. Nc4 Rxe2 20. Bc3 Bg4 21. Nxb6 axb6 22. Qxd4 f6 23. Rxb6 d5 24. Rxb7 Raxa2 25. Bb2 h5 26. h3 Bf5 27. Rf3 h4 28. Rfb3 Kh7 29. Qd1 Qe8 30. Kh2 Qe4 31. Qf1 d4 32. R3b5 d3 33. Rb4 Qc6 34. R7b6 Qa8 35. Rb8 Qd5 36. R8b5 Qe6 37. Qf3 Kh6 38. Rb8 d2 39. Rh8+ Bh7 40. Rxh7+ Kxh7 41. Qh5+ Kg8 42. Rb8+ 1-0

[Event "Skalica Rapid 2020"]
[Site "Skalica"]
[Date "2020.08.29"]
[Round "6.5"]
[White "Meszaros, Casey Ryan"]
[Black "Kaplan, Milan"]
[Result "1/2-1/2"]
[ECO "B22"]
[WhiteElo "1478"]
[BlackElo "1762"]
[Annotator "NA RC"]
[PlyCount "145"]
[EventDate "2020.08.29"]
[EventType "swiss"]
[EventCountry "SVK"]
[SourceTitle "playchess.com"]
[Source "ChessBase"]
[SourceQuality "1"]
[TimeControl "600+5"]

1. e4 c5 2. c3 Nf6 3. e5 Nd5 4. d4 cxd4 5. cxd4 d6 6. Nf3 e6 7. Nc3 Nxc3 8. bxc3 Be7 9. Bd3 Nc6 10. O-O dxe5 11. Nxe5 Nxe5 12. dxe5 Bd7 13. Qc2 h6 14. Rd1 Qc7 15. f4 Rc8 16. Bd2 Qc5+ 17. Kh1 Bc6 18. Be4 g5 19. Bxc6+ Rxc6 20. Qe4 gxf4 21. Qxf4 Bg5 22. Qd4 O-O 23. Rac1 Qxd4 24. cxd4 Rfc8 25. Bxg5 hxg5 26. Rxc6 Rxc6 27. h3 Rc2 28. Rb1 b6 29. a4 Rc4 30. a5 bxa5 31. Rb8+ Kg7 32. Rd8 a4 33. Rd7 Kg6 34. g4 a5 35. Ra7 Rxd4 36. Rxa5 Re4 37. Kg2 a3 38. Kf3 Re1 39. Rxa3 Rxe5 40. Ra4 Rb5 41. Ra3 Rb4 42. Rc3 Kf6 43. Re3 e5 44. Rc3 Ke6 45. Rc6+ Ke7 46. Rc7+ Ke6 47. Rc6+ Kd7 48. Rc3 Kd6 49. Ra3 Rf4+ 50. Kg3 Kd5 51. Ra8 f6 52. Ra3 e4 53. h4 Kd4 54. hxg5 fxg5 55. Ra4+ Kd3 56. Ra3+ Kc4 57. Ra5 Rf3+ 58. Kg2 Kd3 59. Ra3+ Ke2 60. Ra2+ Ke3 61. Ra3+ Kf4 62. Ra4 Rd3 63. Rb4 Re3 64. Kf2 Rg3 65. Rb8 Kxg4 66. Rf8 e3+ 67. Ke2 Kh3 68. Re8 Kg2 69. Rf8 g4 70. Re8 Kg1 71. Rg8 Rg2+ 72. Kxe3 g3 73. Kf3 1/2-1/2

[Event "Skalica Rapid 2020"]
[Site "Skalica"]
[Date "2020.08.29"]
[Round "6.6"]
[White "Petran, Peter"]
[Black "Jurakic Lukas"]
[Result "1/2-1/2"]
[ECO "A07"]
[WhiteElo "2219"]
[BlackElo "1918"]
[Annotator "ChessBase"]
[PlyCount "96"]
[EventDate "2020.08.29"]
[EventType "swiss"]
[EventCountry "SVK"]
[SourceTitle "playchess.com"]
[Source "ChessBase"]
[SourceQuality "1"]
[TimeControl "600+5"]

1. g3 d5 2. Nf3 g6 3. Bg2 Bg7 4. O-O e5 5. c4 Ne7 6. cxd5 Nxd5 7. Nc3 Ne7 8. b4 a6 9. a3 O-O 10. Bb2 Nbc6 11. Rc1 h6 12. d3 Nf5 13. Ne4 Ncd4 14. Nfd2 Ne6 15. Nc4 Nfd4 16. e3 Nc6 17. Qb3 Kh7 18. f4 f5 19. Nf2 exf4 20. Bxg7 Nxg7 21. gxf4 Qf6 22. Qc3 Ne7 23. Qxf6 Rxf6 24. Ne5 c6 25. a4 Be6 26. Rc5 Bb3 27. Ra1 Bd5 28. Bf1 Rd8 29. b5 axb5 30. axb5 Ne6 31. Rc2 cxb5 32. Rb2 g5 33. fxg5 Nxg5 34. h4 Nf3+ 35. Nxf3 Bxf3 36. Rxb5 Rg8+ 37. Kh2 Rfg6 38. e4 fxe4 39. Nxe4 Nc6 40. Rxb7+ Kh8 41. Bh3 Bxe4 42. dxe4 Ne5 43. Rb3 Ng4+ 44. Bxg4 Rxg4 45. Re1 Rxh4+ 46. Rh3 Rxh3+ 47. Kxh3 Kg7 48. Kh4 Kf6 1/2-1/2

[Event "Skalica Rapid 2020"]
[Site "Skalica"]
[Date "2020.08.29"]
[Round "6.6"]
[White "Ihnat, Marek"]
[Black "Striskova, Lucia"]
[Result "1-0"]
[ECO "C26"]
[WhiteElo "1738"]
[BlackElo "1706"]
[Annotator "NA RC"]
[PlyCount "151"]
[EventDate "2020.08.29"]
[EventType "swiss"]
[EventCountry "SVK"]
[SourceTitle "playchess.com"]
[Source "ChessBase"]
[SourceQuality "1"]
[TimeControl "600+5"]

1. e4 e5 2. Nc3 Nf6 3. f4 exf4 4. d4 d6 5. Nf3 Be7 6. Bxf4 O-O 7. Be2 Re8 8. O-O Nc6 9. d5 Nb4 10. a3 Na6 11. Bxa6 bxa6 12. Qd3 Rb8 13. b3 Nh5 14. Be3 Bf6 15. Nd4 Be5 16. Nc6 Qh4 17. Nxe5 Rxe5 18. Bxa7 Rb7 19. Bd4 Rg5 20. Qf3 f6 21. Be3 Rg6 22. Bf2 Qg5 23. Be3 Qe5 24. Ne2 Bg4 25. Qf2 Bh3 26. Bf4 Qxe4 27. Ng3 Nxg3 28. Bxg3 Bd7 29. Rad1 Rb8 30. Rfe1 Qg4 31. Qa7 Re8 32. Qxc7 Rxe1+ 33. Rxe1 h5 34. Qxd6 h4 35. Re3 hxg3 36. Rxg3 Qd1+ 37. Kf2 Qd2+ 38. Kf1 Qd1+ 39. Kf2 Qxc2+ 40. Ke1 Qc1+ 41. Kf2 Qd2+ 42. Kf3 Qd3+ 43. Kf2 Rxg3 44. hxg3 Bg4 45. Qf4 Qe2+ 46. Kg1 Qd1+ 47. Kh2 Bh5 48. d6 Be8 49. Qc4+ Kh7 50. Qh4+ Kg8 51. Qc4+ Bf7 52. Qc8+ Kh7 53. Qf5+ Bg6 54. Qh3+ Kg8 55. Qc8+ Kh7 56. d7 Qh5+ 57. Kg1 Qd1+ 58. Kf2 Qd2+ 59. Kf3 Qd3+ 60. Kf4 Qd4+ 61. Kf3 Be4+ 62. Ke2 Qd3+ 63. Ke1 Qe3+ 64. Kd1 Qxb3+ 65. Kd2 Qd3+ 66. Kc1 Qxa3+ 67. Kd2 Qd3+ 68. Kc1 Qf1+ 69. Kb2 Qb5+ 70. Kc1 Qb1+ 71. Kd2 Qd3+ 72. Kc1 Qe3+ 73. Kb2 Qd2+ 74. Kb3 Bd5+ 75. Ka4 Qa2+ 76. Kb4 1-0

[Event "Skalica Rapid 2020"]
[Site "Skalica"]
[Date "2020.08.29"]
[Round "6.7"]
[White "O`gorman Tom"]
[Black "Beres, Tomas"]
[Result "1-0"]
[ECO "B36"]
[WhiteElo "2027"]
[BlackElo "1956"]
[Annotator "ChessBase"]
[PlyCount "102"]
[EventDate "2020.08.29"]
[EventType "swiss"]
[EventCountry "SVK"]
[SourceTitle "playchess.com"]
[Source "ChessBase"]
[SourceQuality "1"]
[TimeControl "600+5"]

1. e4 c5 2. Nf3 Nc6 3. d4 cxd4 4. Nxd4 g6 5. c4 Nf6 6. Nc3 Nxd4 7. Qxd4 d6 8. Be3 Bg7 9. Qd2 O-O 10. Be2 a5 11. O-O a4 12. Rfd1 Qa5 13. Rac1 Be6 14. f3 Nd7 15. Nb5 Qxd2 16. Rxd2 Rfc8 17. f4 Nc5 18. Bf3 Bd7 19. Nc3 Bc6 20. Bxc5 dxc5 21. e5 Bxf3 22. gxf3 Bh6 23. Rd7 Bxf4 24. Re1 e6 25. Rxb7 a3 26. Re2 axb2 27. Rbxb2 Ra3 28. Rb3 Rxb3 29. axb3 Rb8 30. Nb5 Ra8 31. Kg2 Ra1 32. Nd6 Rb1 33. Nb7 Rxb3 34. Nxc5 Rc3 35. Re4 Rc2+ 36. Kh1 Bxh2 37. Nd3 Bg3 38. Nb4 Rb2 39. Nd3 Rb3 40. Kg2 Rxd3 41. Kxg3 Kf8 42. Kg4 h6 43. f4 Ke7 44. Re1 Rc3 45. Re4 Kd7 46. Rd4+ Kc7 47. Kh4 Kc6 48. Kg4 Kc5 49. Rd7 Rxc4 50. Rxf7 g5 51. Rc7+ Kd5 1-0

[Event "Skalica Rapid 2020"]
[Site "Skalica"]
[Date "2020.08.29"]
[Round "6.7"]
[White "Tupy, Bystrik"]
[Black "Romanova, Ela"]
[Result "0-1"]
[ECO "B30"]
[WhiteElo "1702"]
[BlackElo "1529"]
[Annotator "NA RC"]
[PlyCount "131"]
[EventDate "2020.08.29"]
[EventType "swiss"]
[EventCountry "SVK"]
[SourceTitle "playchess.com"]
[Source "ChessBase"]
[SourceQuality "1"]
[TimeControl "600+5"]

1. e4 c5 2. Nf3 Nc6 3. c3 g6 4. d4 cxd4 5. Nxd4 Bg7 6. Be3 Nf6 7. Bd3 O-O 8. O-O d5 9. Nxc6 bxc6 10. exd5 cxd5 11. Qd2 Ng4 12. h3 Nxe3 13. Qxe3 a5 14. Re1 e6 15. Qd2 Ba6 16. Rd1 Bxd3 17. Qxd3 Rb8 18. b3 Qc7 19. Nd2 Qxc3 20. Qxc3 Bxc3 21. Rac1 Rfc8 22. Nf3 Bg7 23. Rxc8+ Rxc8 24. Rd2 Rc1+ 25. Kh2 Bc3 26. Re2 d4 27. Ne5 Rd1 28. Nc4 Re1 29. Rc2 Bb4 30. a3 Bc3 31. Kg3 Rb1 32. Nd2 Bxd2 33. Rxd2 Rxb3+ 34. f3 d3 35. a4 Rc3 36. Kf4 Kf8 37. Ke3 Ke7 38. Rxd3 Rxd3+ 39. Kxd3 Kd6 40. Kc4 Kc6 41. f4 f6 42. g4 e5 43. fxe5 fxe5 44. h4 e4 45. Kd4 e3 46. Kxe3 Kc5 47. Kf4 Kb4 48. Kg5 Kxa4 49. Kh6 Kb3 50. Kxh7 a4 51. Kxg6 a3 52. h5 a2 53. h6 a1=Q 54. g5 Kc4 55. h7 Kd5 56. Kf7 Qa7+ 57. Kg8 Qb8+ 58. Kg7 Qe5+ 59. Kh6 Qh8 60. g6 Qf8+ 61. Kg5 Qg7 62. Kf5 Qe5+ 63. Kg4 Qf6 64. Kh3 Ke5 65. Kg3 Qxg6+ 66. Kf3 0-1